 Dungeon Crawl Stone Soup version 0.16-a0-2296-gdce89d5 (webtiles) character file.

32 smajdalf the Ruffian (level 3, -9/28 (29) HPs)
             Began as a Ghoul Warper on Nov 16, 2014.
             Killed by divine providence
             ... invoked by an orc priest
              (15 damage)
             ... on level 2 of the Dungeon.
             The game lasted 00:04:44 (2314 turns).

smajdalf the Ruffian (Ghoul Warper)                 Turns: 2314, Time: 00:04:44

HP:   -9/28 (29)    AC:  6    Str: 13 (14) XL:     3   Next: 27%
MP:   5/5           EV:  9    Int:  9      God:
Gold: 112           SH:  0    Dex:  8      Spells: 1 memorised, 4 levels left

rFire  . . .     SeeInvis .       - Unarmed
rCold  + . .     Clarity  .     a - +0 ring mail
rNeg   + + +     SustAb   .     (no shield)
rPois  +         Gourm    .     j - +0 helmet
rElec  .         Spirit   .     (no cloak)
rCorr  .         Warding  .     (no gloves)
rMut   .         Stasis   .     (no boots)
MR     .....                    (no amulet)
Stlth  ..........               (no ring)
                                (no ring)

@: confused, rotting, not resistant to hostile enchantments, extremely
unstealthy
A: rotting body, claws 1, carnivore 3, cold resistance 1, negative energy
resistance 3, poison resistance, slow healing 1, torment resistance, unbreathing
a: no special abilities


You were on level 2 of the Dungeon.
You were not hungry.

You visited 1 branch of the dungeon, and saw 3 of its levels.

You collected 112 gold pieces.

Inventory:

Missiles
 e - 5 tomahawks of dispersal (quivered)
Armour
 a - a +0 ring mail (worn)
 j - a +0 helmet (worn)
Magical devices
 q - a wand of polymorph (13)
Scrolls
 d - a scroll of blinking
 f - a scroll of amnesia {unknown}
 g - a scroll of identify {unknown}
 h - a scroll of noise {unknown}
 i - a scroll of enchant weapon {unknown}
 l - a scroll of recharging {unknown}
 p - a scroll of random uselessness {unknown}
 r - a scroll of remove curse {unknown}
Potions
 o - a potion of curing {unknown}
Books
 c - a book of Spatial Translocations

   Spells                             Type                      Level
   *Apportation                       Translocation                1
   Blink                              Translocation                2
   Shroud of Golubria                 Charms/Translocation         2
   Portal Projectile                  Translocation                3
   Teleport Other                     Translocation                3
   Passage of Golubria                Translocation                4
Comestibles
 n - 2 meat rations


   Skills:
 - Level 2.1 Fighting
 - Level 0.8 Throwing
 - Level 0.8 Armour
 - Level 1.7 Dodging
 + Level 4.0 Unarmed Combat
 - Level 1.7 Spellcasting
 - Level 2.6 Translocations


You had 4 spell levels left.
You knew the following spells:

 Your Spells              Type           Power        Failure   Level  Hunger
a - Apportation           Tloc           #.........   17%         1    ##.....


Dungeon Overview and Level Annotations

Branches:
Dungeon (3/15)

Altars:
Elyvilon
Trog


Innate Abilities, Weirdness & Mutations

Your body is rotting away.
You thrive on raw meat.
You have sharp fingernails.
You are carnivorous and can eat meat at any time.
Your flesh is cold resistant.
You are immune to negative energy.
Your system is resistant to poisons.
You heal slowly when monsters are visible.
You are immune to unholy pain and torment.
You can survive without breathing.


Message History

The orc priest hits you with a flail.
* * * LOW HITPOINT WARNING * * *
You climb upwards.
There is a stone staircase leading down here.
Unknown command.
You scratch the orc priest but do no damage.
The orc priest is lightly wounded.
Drink which item? (? for menu, Esc to quit)
You are confused.
It was a potion of confusion.
The orc priest calls down the wrath of Beogh upon you.
You are unaffected.
Drink which item? (? for menu, Esc to quit)
There was something very wrong with that liquid!
You feel weakened.
It was a potion of degeneration.
The orc priest calls down the wrath of Beogh upon you.
Something smites you!
Ouch! That really hurt!
You die...

#######.....# ##≈≈≈≈
#.......# ##≈≈≈
#......## ####
#.......# #.
####....# #.
####......# #.
#....####.# #.
#....# #.# #.
#..@o####.####### #.
#...............# #.
#...%...........###.
#.....#####.##..#.+.
#......%........#.#.
#....#######....#.#.
#....# #....#.#.
###### #.#..#.#.
#....#.#.


You could see an orc priest.

Vanquished Creatures
  An orc (D:3)
  2 ball pythons
  4 hobgoblins
  2 bats
  4 giant cockroaches (D:1)
  2 giant newts (D:2)
  4 goblins
  2 jackals (D:1)
  4 kobolds
  9 rats
34 creatures vanquished.

Notes
Turn   | Place    | Note
--------------------------------------------------------------
     0 | D:1      | smajdalf, the Ghoul Warper, began the quest for the Orb.
     0 | D:1      | Reached XP level 1. HP: 17/17 MP: 2/2
   261 | D:1      | Reached skill level 3 in Unarmed Combat
   261 | D:1      | Reached XP level 2. HP: 21/24 MP: 3/3
  1414 | D:2      | Found a white marble altar of Elyvilon.
  1415 | D:2      | Found a bloodstained altar of Trog.
  1521 | D:2      | Reached XP level 3. HP: 29/29 MP: 5/5
  2042 | D:2      | Found a white marble altar of Elyvilon.
  2043 | D:2      | Found a bloodstained altar of Trog.
  2305 | D:3      | Reached skill level 4 in Unarmed Combat
  2314 | D:2      | Killed from afar by an orc priest

Action                   || total
-------------------------++-------
Melee: Unarmed           ||   131
  Use: Potion            ||     2
  Eat: Chunk             ||    21
